 Dungeon Crawl Stone Soup version 0.29.1-2-gbd0b4ee654 (webtiles) character file.

Game seed: 16647239637522080474

104 MTVSty1e the Chopper (level 4, -2/39 HPs)
             Began as a Minotaur Fighter on Oct 23, 2022.
             Killed from afar by a white imp (3 damage)
             ... with a puff of frost
             ... on level 3 of the Dungeon.
             The game lasted 00:01:27 (1788 turns).

MTVSty1e the Chopper (Minotaur Fighter)             Turns: 1788, Time: 00:01:28

Health: -2/39      AC:  6    Str: 22    XL:     4   Next: 52%
Magic:  3/3        EV:  9    Int:  5    God:
Gold:   137        SH:  4    Dex: 10    Spells: 3/3 levels left

rFire   . . .      SeeInvis .   a - +0 war axe
rCold   . . .      Faith    .   c - +0 buckler
rNeg    . . .      Spirit   .   b - +0 scale mail
rPois   .          Reflect  .   (helmet restricted)
rElec   .          Harm     .   (no cloak)
rCorr   .          Rampage  .   (no gloves)
Will    .....                   (no boots)
Stlth   ..........              (no amulet)
HPRegen 0.13/turn               (no ring)
MPRegen 0.08/turn               (no ring)

@: no status effects
A: horns 2, retaliatory headbutt
a: no special abilities


You were on level 3 of the Dungeon.
You visited 1 branch of the dungeon, and saw 3 of its levels.

You collected 137 gold pieces.

Inventory:

Hand Weapons
 a - a +0 war axe (weapon)
Armour
 b - a +0 scale mail (worn)
 c - a +0 buckler (worn)
Jewellery
 l - an amulet of magic regeneration
Scrolls
 f - a scroll of magic mapping {unknown}
 g - a scroll of fear {unknown}
 j - a scroll of silence {unknown}
 k - a scroll of brand weapon {unknown}
 m - 2 scrolls of teleportation {unknown}
 o - a scroll of fog {unknown}
 q - a scroll of summoning {unknown}
 r - a scroll of acquirement {unknown}
 s - a scroll of vulnerability {unknown}
Potions
 d - a potion of might
 e - a potion of curing {unknown}
 h - a potion of heal wounds {unknown}
 i - a potion of flight {unknown}
 n - a potion of mutation {unknown}
 p - a potion of haste {unknown}


   Skills:
 - Level 3.6 Fighting
 * Level 5.8 Axes
 - Level 3.6 Armour
 - Level 3.6 Shields


You had 3 spell levels left.
You didn't know any spells.
Your spell library was empty.

Dungeon Overview and Level Annotations

Branches:
Dungeon (3/15)

Altars:

Shops:
D:2 :


Innate Abilities, Weirdness & Mutations

You have a pair of horns on your head.
You reflexively headbutt those who attack you in melee.


Message History

You closely miss Ijyb. You slash the endoplasm!
You kill the endoplasm!
Ijyb closely misses you. The white imp gestures at you.
The puff of frost hits you. The endoplasm freezes you.
You are frozen.
You block Ijyb's attack.
You hit Ijyb.
Ijyb is lightly wounded.
You hit the endoplasm. Ijyb hits you but does no damage.
The endoplasm hits you but does no damage.
You hit the endoplasm.
You kill the endoplasm!
You closely miss the white imp. You slash Ijyb!
The white imp barely misses you. Ijyb barely misses you.
You slash Ijyb!
You kill Ijyb!
You hit the white imp. The white imp gestures at you.
The puff of frost hits you!
You are too injured to fight recklessly!
You are too injured to fight recklessly!
You are too injured to fight recklessly!
You block the white imp's attack.
A white imp is nearby!
A white imp is nearby!
A white imp is nearby!
A white imp is nearby!
A white imp is nearby!
A white imp is nearby!
A white imp is nearby!
A white imp is nearby!
You barely miss the white imp.
The white imp is heavily wounded.
The white imp gestures at you. The puff of frost hits you!
* * * LOW HITPOINT WARNING * * *
The white imp gestures at you. The puff of frost hits you.
You die...

... ###. #..##
#.. ...#. #.#
#... ##.#
#..##..#######
#............#
#............#
#...@?.......#
#...5........#
#......).....#
#.....†).....#
#............#
#............#
#............#
#............#
##############


You could see a white imp.

Vanquished Creatures
  Ijyb (D:3)
  4 adders (D:2)
  2 worms
  A dart slug (D:2)
  A bat (D:2)
  2 endoplasms (D:3)
  5 goblins
  2 hobgoblins
  3 quokkas
  5 ball pythons
  4 frilled lizards
  3 kobolds
  4 rats
37 creatures vanquished.

Notes
Turn   | Place    | Note
-------+----------+-------------------------------------------
     0 | D:1      | MTVSty1e the Minotaur Fighter began the quest for the Orb.
     0 | D:1      | Reached XP level 1. HP: 19/19 MP: 0/0
   164 | D:1      | Found a faded altar of an unknown god.
   226 | D:1      | Reached skill level 3 in Axes
   233 | D:1      | Reached XP level 2. HP: 14/26 MP: 1/1
   694 | D:2      | Reached skill level 4 in Axes
   709 | D:2      | Reached XP level 3. HP: 19/31 MP: 2/2
  1105 | D:2      | Found Baesmaw's Book Boutique.
  1186 | D:2      | Reached skill level 5 in Axes
  1663 | D:2      | Reached XP level 4. HP: 39/39 MP: 3/3
  1777 | D:3      | Noticed Ijyb
  1785 | D:3      | Killed Ijyb
  1788 | D:3      | HP: 1/39 [white imp/puff of frost (12)]
  1788 | D:3      | Killed from afar by a white imp

Illustrated notes

Levels and vault maps discovered:
D:1:      wheals_arrival_linesprint, layout_rooms,
          dreamdust_ecumenical_altar_grove, hex_medium
D:2:      layout_basic, serial_shops, shop
D:3:      layout_basic, amcnicky_altar_gilded, st_stairs_1, uniq_sigmund,
          uniq_ijyb, uniq_robin

Skill      XL: |  1  2  3 |
---------------+----------+-----
Axes           | 3 4 5 |  5.8
Fighting       | |  3.6
Armour         | |  3.6
Shields        | |  3.6

Action                   |  1- 3 |  4- 6 || total
-------------------------+-------+-------++-------
Melee: War axe           |    74 |    12 ||    86
       Headbutt          |     4 |     2 ||     6
Armor: Scale mail        |    34 |     2 ||    36
Dodge: Dodged            |    43 |     6 ||    49
Block: Buckler           |    18 |     2 ||    20
